 Dungeon Crawl Stone Soup version 0.30-a0-760-g5a9884bb7c (webtiles) character file.

Game seed: 822050215797438575

198446 ASSMAN the Spry (level 18, -7/107 HPs)
             Began as a Tengu Venom Mage on Feb 11, 2023.
             Was a High Priest of Vehumet.
             Mangled by a merfolk impaler
             ... wielding a +0 trident of venom
              (20 damage)
             ... on level 4 of the Shoals.
             The game lasted 01:17:00 (45522 turns).

ASSMAN the Spry (Tengu Venom Mage)                 Turns: 45522, Time: 01:17:01

Health: -7/107     AC: 14    Str: 15    XL:     18   Next: 89%
Magic:  3/35       EV: 29    Int: 24    God:    Vehumet [*****.]
Gold:   872        SH: 17    Dex: 17    Spells: 0/41 levels left

rFire   + + .      SeeInvis .    n - +8 morningstar of Duty {pain, Fly rElec rPois Will++}
rCold   + + .      Faith    .    p - +5 kite shield of Keqitz {Rampage +Blink rElec Stlth+}
rNeg    . . .      Spirit   .    r - +2 ring mail "Neunoll" {rF+ Str+3 Int+2 Slay+3}
rPois   +          Reflect  .    v - +0 hat
rElec   +          Harm     .    y - +1 cloak {Will+}
rCorr   .          Rampage  +    F - +3 Mad Mage's Maulers {Infuse+∞ VampMP -Cast}
Will    ++++.      NoCast   +    (boots unavailable)
Stlth   ++                       V - amulet of magic regeneration
HPRegen 0.37/turn                U - ring "Laewupt" {Contam rC++ EV+5 Str+2 Dex+2}
MPRegen 0.64/turn                Z - ring of protection from fire

@: flying quickly and evasively, quick
A: beak, talons 3, nimble flight
a: Renounce Religion, Evoke Blink


You were on level 4 of the Shoals.
You worshipped Vehumet.
Vehumet was extremely pleased with you.
You visited 4 branches of the dungeon, and saw 26 of its levels.
You also visited: Gauntlet, Ice Cave and Volcano.

You collected 2710 gold pieces.
You spent 1838 gold pieces at shops.

Inventory:

Hand Weapons
 g - a +3 long sword of holy wrath
 n - the +8 morningstar of Duty (weapon) {pain, Fly rElec rPois Will++}
   (You found it on level 11 of the Dungeon)

   rElec:     It insulates you from electricity.
   rPois:     It protects you from poison.
   Fly:       It grants you flight.
   Will:      It greatly increases your willpower.
 A - the +4 arbalest of Bile {flame, Will+ Int+3 Stlth+}
   (You found it on level 1 of the Lair of Beasts)

   Int:       It affects your intelligence (+3).
   Will:      It increases your willpower.
   Stlth:     It makes you more stealthy.
 T - the +11 flail "Leoromad" {freeze, Fragile rElec rC+}
   (You bought it in a shop on level 2 of the Orcish Mines)

   rC:        It protects you from cold.
   rElec:     It insulates you from electricity.
   Fragile:   It will be destroyed if unequipped.
Missiles
 E - 9 throwing nets (quivered)
Armour
 a - a +1 robe
 i - a +2 robe of cold resistance
 j - the +2 buckler of Salvation {Rampage rF+ Str-2 Stlth+}
   (You took it off a minotaur in a Gauntlet)

   Str:       It affects your strength (-2).
   rF:        It protects you from fire.
   Rampage:   It bestows one free step when moving towards enemies.
   Stlth:     It makes you more stealthy.
 o - the +0 swamp dragon scales of the Salmon {rPois rF+ Will+ Str+4}
   (You took it off a minotaur in a Gauntlet)

   Str:       It affects your strength (+4).
   rF:        It protects you from fire.
   rPois:     It protects you from poison.
   Will:      It increases your willpower.
 p - the +5 kite shield of Keqitz (worn) {Rampage +Blink rElec Stlth+}
   (You acquired it on level 5 of the Dungeon)

   rElec:     It insulates you from electricity.
   +Blink:    It lets you blink.
   Rampage:   It bestows one free step when moving towards enemies.
   Stlth:     It makes you more stealthy.
 r - the +2 ring mail "Neunoll" (worn) {rF+ Str+3 Int+2 Slay+3}
   (You took it off a gnoll on level 4 of the Dungeon)

   Str:       It affects your strength (+3).
   Int:       It affects your intelligence (+2).
   Slay:      It affects your accuracy & damage with ranged weapons and melee
   (+3).
   rF:        It protects you from fire.
 v - a +0 hat (worn)
 y - a +1 cloak of willpower (worn)
 F - the +3 Mad Mage's Maulers (worn) {Infuse+∞ VampMP -Cast}
   (You found it on level 11 of the Dungeon)

   Infuse+∞: It empowers its wearer's blows with all of their magic.
   VampMP:    Blows struck in melee replenish the wearer's magic.
   -Cast:     It prevents spellcasting.
 W - a scarf of repulsion
Magical Staves
 z - a staff of fire
 H - a staff of cold
Jewellery
 e - a ring of poison resistance
 t - an amulet of the acrobat
 D - a +6 ring of dexterity
 Q - an amulet of guardian spirit
 U - the ring "Laewupt" (left hand) {Contam rC++ EV+5 Str+2 Dex+2}
   (You acquired it on level 2 of the Orcish Mines)

   [ring of evasion]

   EV:        It affects your evasion (+5).
   Str:       It affects your strength (+2).
   Dex:       It affects your dexterity (+2).
   rC:        It greatly protects you from cold.
   Contam:    It causes magical contamination when unequipped.
 V - an amulet of magic regeneration (around neck)
 Z - a ring of protection from fire (right hand)
Wands
 m - a wand of paralysis (9)
 x - a wand of flame (28)
 G - a wand of iceblast (31)
 R - a wand of digging (10)
 S - a wand of mindburst (9)
Scrolls
 f - a scroll of magic mapping
 h - 6 scrolls of enchant armour
 l - a scroll of poison
 s - a scroll of brand weapon
 u - 4 scrolls of fog
 B - a scroll of amnesia
 J - 2 scrolls of enchant weapon
 O - 4 scrolls of identify
Potions
 b - 6 potions of magic
 c - 3 potions of brilliance
 d - 12 potions of curing
 k - 9 potions of ambrosia
 C - a potion of invisibility
 L - 3 potions of heal wounds
 M - 2 potions of berserk rage
 N - 6 potions of resistance
 P - a potion of cancellation
 Y - a potion of might
Miscellaneous
 q - a condenser vane
 K - a lightning rod (4/4)
 X - a phantom mirror


   Skills:
 - Level 10.0 Fighting
 - Level 16.0 Maces & Flails
 - Level 4.0 Armour
 + Level 19.4 Dodging
 - Level 2.0 Stealth
 + Level 10.8 Shields
 - Level 12.0 Spellcasting
 - Level 5.0 Conjurations
 - Level 9.3 Necromancy
 - Level 0.7 Transmutations
 - Level 9.6 Air Magic
 - Level 8.0 Poison Magic
 + Level 9.2 Evocations


You couldn't memorise any spells.
You knew the following spells:

 Your Spells              Type           Power      Damage    Failure   Level
a - Shock                 Conj/Air       100%       1d9       1%          1
b - Poisonous Vapours     Pois/Air       100%       N/A       1%          2
c - Olgreb's Toxic Radia  Pois           51%        N/A       1%          4
d - Mephitic Cloud        Conj/Pois/Air  50%        N/A       1%          3
e - Arcjolt               Conj/Air       24%        1d34      7%          5
f - Freezing Cloud        Conj/Ice/Air   18%        6-21      17%         5
g - Dispel Undead         Necr           56%        3d20      3%          4
h - Stone Arrow           Conj/Erth      52%        3d10      5%          3
i - Conjure Ball Lightni  Conj/Air       24%        3x3d7     32%         6
j - Maxwell's Capacitive  Air            28%        ∞         99%         8

Your spell library contained the following spells:

 Spells                   Type           Power      Damage    Failure   Level
 Spellforged Servitor     Conj/Summ      13%        N/A       100%        7
 Magic Dart               Conj           100%       1d8       1%          1
 Cigotuvi's Dreadful Rot  Necr/Pois/Air  100%       N/A       1%          2
 Searing Ray              Conj           76%        2d7       1%          2
 Sublimation of Blood     Necr           56%        N/A       1%          2
 Sting                    Tmut/Pois      100%       1d8       3%          1
 Freeze                   Ice            56%        1d7       4%          1
 Frozen Ramparts          Ice            28%        1d5       13%         3
 Fulminant Prism          Conj/Hex       13%        3d8       16%         4
 Wereblood                Tmut           17%        N/A       21%         2
 Irradiate                Conj/Tmut      14%        3d16      36%         5
 Death Channel            Necr           28%        N/A       52%         6
 Borgnjor's Vile Clutch   Necr/Erth      18%        N/A       58%         5
 Yara's Violent Unravell  Hex/Tmut       8%         3d5       67%         5
 Eringya's Noxious Bog    Tmut/Pois      17%        N/A       71%         6
 Ice Form                 Ice/Tmut       16%        N/A       83%         4
 Petrify                  Tmut/Erth      16%        N/A       83%         4
 Animate Armour           Summ/Erth      28%        N/A       86%         4
 Summon Ice Beast         Ice/Summ       14%        N/A       86%         4
 Metabolic Englaciation   Hex/Ice        7%         N/A       99%         5
 Statue Form              Tmut/Erth      10%        N/A       100%        6
 Malign Gateway           Summ/Tloc      7%         N/A       100%        7
 Borgnjor's Revivificati  Necr           28%        N/A       100%        8
 Lehudib's Crystal Spear  Conj/Erth      13%        10d4      100%        8
 Necromutation            Tmut/Necr      19%        N/A       100%        8
 Death's Door             Necr           28%        N/A       100%        9


Dungeon Overview and Level Annotations

Branches:
Dungeon (15/15)            Temple (0/1) D:7            Lair (5/5) D:9
 Shoals (4/4) Lair:3       Spider (0/4) Lair:2        Slime (0/5) Lair:5
    Orc (2/2) D:10            Elf (0/3) Orc:2        Vaults (0/5) D:13
 Depths (0/4) D:15          IceCv (visited)         Volcano (visited)
Gauntlet (visited)

Altars:
Ashenzari
Cheibriados
Dithmenos
Elyvilon
Gozag
Makhleb
Nemelex Xobeh
Okawaru
Qazlal
Ru
Sif Muna
Trog
Uskayaw
Vehumet
Wu Jian
Xom
Jiyva

Shops:
D:2 (   D:6 **!!*   Orc:2 (*:?*   Shoals:3 !*

Annotations:
D:8 1 runed translucent door
D:15 6 transporters, Hiweh's ghost, journeyman DgCj


Innate Abilities, Weirdness & Mutations

You have a beak for a mouth.
You have claws for feet.
Your magical nature lets you fly swiftly and evasively.


Message History

You block the merfolk's attack.
You bludgeon the manticore!!
The manticore writhes in agony.
You claw the manticore, but do no damage.
The manticore is heavily wounded.
The merfolk hits you from afar with a +0 trident!
The water nymph closely misses you. The manticore barely misses you.
You block the manticore's attack.
The manticore claws you but does no damage.
A dream sheep comes into view.
The dream sheep bleats!
You impale the manticore!!
You kill the manticore!
Vehumet accepts your kill.
You feel your power returning.
A sea snake comes into view.
The merfolk hits you from afar with a +0 trident!
A dream sheep comes into view.
You block the cyclops's attack. The water nymph casts a spell at you.
The water rises up and strikes you! You block the merfolk impaler's attack.
The sea snake hisses angrily.
You beat the water nymph like a drum!!!
The water nymph writhes in agony.
You kill the water nymph!
Vehumet accepts your kill. You block the wind drake's attack.
You block the merfolk impaler's attack.
The merfolk throws a throwing net.
The throwing net closely misses you.
You bludgeon the wind drake!!
The wind drake writhes in agony.
Your kick misses the wind drake.
The wind drake is severely wounded.
The merfolk impaler misses you. You block the cyclops's attack.
The wind drake flaps its wings at you. The air twists around and strikes you!
You impale the wind drake!!
You kill the wind drake!
Vehumet accepts your kill.
You feel your power returning. The merfolk completely misses you.
The merfolk impaler hits you from afar with a +0 trident of venom!!
* * * LOW HITPOINT WARNING * * *
The merfolk impaler hits you from afar with a +0 trident of venom!!
You die...

~~..............P~~~~≈≈
~~PP.....<........!~~~~≈
~(..##..<..PP...#...~~~~
~...#...P....)..#...~~~~
~P..................~~~~
~~.......#'#..PP<..~~~~~
~~...mm!#.........<~~~~~
~Y~~S~C~#...#~~)~~~~~~~~
Y.#..)@†...#++#.[##~~~~
##.#...#...# #.## .~~~
...~...##..# ... #~~
.......~.#...~ ...~ #~
..../....~...~~~~~~~ #
.#..........~~## .#~
########8.8### #.~~.


You could see a merfolk impaler, a sea snake, a merfolk, a cyclops and a dream
sheep.

Vanquished Creatures
  Jorgrun (D:13)
  Mlioglotl (Shoals:2)
  3 krakens
  Roxanne (D:15)
  Kirke (D:13)
  2 frost giants (IceCv)
  A stone giant (D:15)
  A minotaur (Gauntlet)
  A white draconian (IceCv)
  Snorg (D:13)
  4 merfolk impalers
  Josephine (D:13)
  Harold (D:11)
  A rakshasa (D:15)
  3 ice dragons (IceCv)
  8 vault guards (D:13)
  13 two-headed ogres
  Erica (D:10)
  3 merfolk avatars (Shoals:2)
  10 ironbound frosthearts (IceCv)
  2 catoblepae
  A merfolk aquamancer (Shoals:3)
  3 ogre magi
  8 death yaks
  2 centaur warriors
  2 satyrs
  4 tengu warriors
  A deep troll shaman (Lair:5)
  Nergalle (D:10)
  A hell knight (Volcano)
  A fire crab (Gauntlet)
  A salamander mystic (Volcano)
  4 skeletal warriors (D:14)
  3 sea snakes
  An orb spider (Lair:2)
  11 skysharks
  An orange crystal statue (IceCv)
  2 deep trolls
  A glowing orange brain (Gauntlet)
  Pikel (D:7)
  A lindwurm (Lair:5)
  4 orc knights
  A deep elf pyromancer (D:13)
  31 harpies
  3 oklob plants (Lair:5)
  A salamander (shapeshifter) (D:14)
  3 orc sorcerers
  7 cyclopes
  A wolf spider (D:15)
  14 fauns
  10 merfolk sirens
  31 ugly things
  8 manticores
  3 salamanders (Volcano)
  3 black mambas
  15 elephants
  8 water nymphs
  8 cane toads
  Psyche (D:10)
  4 kobold demonologists (D:12)
  5 yaktaurs (D:12)
  A rime drake (shapeshifter) (D:14)
  12 rime drakes
  7 komodo dragons
  14 trolls
  A meliai (D:9)
  15 polar bears
  32 merfolk
  A tarantella (shapeshifter) (D:15)
  A queen bee (D:10)
  4 wind drakes
  A hornet (D:10)
  A raiju (Gauntlet)
  6 dream sheep
  19 blink frogs
  4 snapping turtles
  A shadow (D:9)
  7 slime creatures
  8 wraiths
  2 vampires
  5 wyverns
  56 yaks
  2 fire bats (Gauntlet)
  3 hogs (D:12)
  2 steam dragons
  6 water elementals
  3 vampire mosquitoes
  4 basilisks
  8 wargs
  17 water moccasins
  2 hell hounds (Lair:5)
  3 acid dragons
  A meliai simulacrum (D:11)
  3 ice beasts
  15 orc warriors
  3 black bears
  A black bear (shapeshifter) (D:15)
  7 centaurs
  13 wolves
  24 ogres
  5 kobold brigands
  A lemure (D:7)
  4 phantoms
  A gnoll sergeant (D:9)
  8 bullfrogs
  2 necrophages
  3 scorpions
  26 killer bees (D:10)
  3 howler monkeys
  An electric eel (D:15)
  4 jellies
  Crazy Yiuf (D:7)
  4 gnoll boudas
  5 hounds
  9 orc priests
  3 iguanas
  Natasha (twice) (D:2)
  9 orc wizards
  A statue (D:6)
  21 gnolls
  7 adders
  A shadow imp (D:8)
  An ufetubus (D:5)
  4 dart slugs
  64 orcs
  5 bats
  8 endoplasms
  5 giant cockroaches
  5 goblins
  8 hobgoblins
  7 jackals
  2 quokkas (D:1)
  5 ball pythons
  4 frilled lizards
  16 kobolds
  7 rats
  A butterfly (Lair:5)
  2 tentacles (Shoals:2)
851 creatures vanquished.

Vanquished Creatures (others)
  Maurice (D:13)
  8 fungi
  69 plants
  25 tentacles
103 creatures vanquished.

Grand Total: 954 creatures vanquished

Notes
Turn   | Place    | Note
-------+----------+-------------------------------------------
     0 | D:1      | ASSMAN the Tengu Venom Mage began the quest for the Orb.
     0 | D:1      | Reached XP level 1. HP: 10/10 MP: 4/4
     2 | D:1      | Noticed a spriggan
     2 | D:1      | Noticed a felid
     4 | D:1      | Noticed a meteoran
     4 | D:1      | Noticed an ogre
     6 | D:1      | Noticed a vine stalker
     6 | D:1      | Noticed an armataur
     8 | D:1      | Noticed an elf
     8 | D:1      | Noticed a merfolk
    10 | D:1      | Noticed a naga
    12 | D:1      | Noticed a minotaur
    12 | D:1      | Noticed an octopode
    14 | D:1      | Noticed a human
    16 | D:1      | Noticed a demigod
    18 | D:1      | Noticed a formicid
    18 | D:1      | Noticed a tengu
    20 | D:1      | Noticed a demonspawn
    20 | D:1      | Noticed a vampire
    22 | D:1      | Noticed a ghoul
    22 | D:1      | Noticed a troll
    24 | D:1      | Noticed a gargoyle
    24 | D:1      | Noticed a vine stalker
    26 | D:1      | Noticed an armataur
    26 | D:1      | Noticed a felid
   137 | D:1      | Reached XP level 2. HP: 15/15 MP: 1/6
   374 | D:1      | Reached XP level 3. HP: 19/19 MP: 4/7
   413 | D:1      | Learned a level 2 spell: Poisonous Vapours
  1314 | D:2      | Found Dius Roa's Weapon Emporium.
  1386 | D:2      | Noticed Natasha
  1397 | D:2      | Killed Natasha
  1398 | D:2      | Reached XP level 4. HP: 6/24 MP: 0/8
  1626 | D:2      | Found a faded altar of an unknown god.
  1688 | D:2      | Reached skill level 5 in Poison Magic
  1862 | D:2      | Noticed Natasha
  1868 | D:2      | Killed Natasha
  2406 | D:3      | Learned a level 4 spell: Olgreb's Toxic Radiance
  2425 | D:3      | Gained mutation: Your magical nature lets you fly swiftly
                  | and evasively. [Tengu growth]
  2425 | D:3      | Reached XP level 5. HP: 28/28 MP: 9/9
  2451 | D:3      | Found a stormy altar of Qazlal.
  3117 | D:4      | Found a white marble altar of Elyvilon.
  3380 | D:4      | Found a snail-covered altar of Cheibriados.
  3523 | D:4      | Reached XP level 6. HP: 14/32 MP: 6/10
  3872 | D:4      | Found a bloodstained altar of Trog.
  4076 | D:4      | Identified the +0 ring mail of Undesirable Species {Str+3}
  4345 | D:4      | Identified the +2 ring mail "Neunoll" {rF+ Str+3 Int+2
                  | Slay+3}
  4561 | D:5      | Entered Level 5 of the Dungeon
  4625 | D:5      | Found a broken altar of Ashenzari.
  4632 | D:5      | Reached skill level 1 in Armour
  4632 | D:5      | Reached XP level 7. HP: 30/36 MP: 11/11
  4817 | D:5      | Learned a level 3 spell: Mephitic Cloud
  5050 | D:5      | Found a sacrificial altar of Ru.
  5086 | D:5      | Reached XP level 8. HP: 24/41 MP: 9/14
  5238 | D:5      | Found an iron altar of Okawaru.
  5256 | D:5      | Reached skill level 1 in Air Magic
  5340 | D:5      | Identified a scroll of acquirement
  5340 | D:5      | Acquired the +5 kite shield of Keqitz {Rampage +Blink rElec
                  | Stlth+}
  5489 | D:5      | Reached skill level 1 in Shields
  5599 | D:6      | Found Issuclem's Distillery.
  5599 | D:6      | Found Vuosmoit's Wicked Wares.
  5633 | D:6      | Found a shadowy altar of Dithmenos.
  5719 | D:6      | Found a radiant altar of Vehumet.
  5723 | D:6      | Became a worshipper of Vehumet
  5750 | D:6      | Found Mojashroa's General Store.
  5758 | D:6      | Bought a potion of curing for 39 gold pieces
  5758 | D:6      | Bought a scroll of fog for 52 gold pieces
  5785 | D:6      | Found Atwaurghag's Assorted Antiques.
  5848 | D:6      | Identified the +5 spear of Makhleb's Reproof {heavy,
                  | Fragile rPois Will+ SInv}
  5932 | D:6      | Reached XP level 9. HP: 45/45 MP: 16/16
  5996 | D:6      | Found Xaonapt's Distillery.
  6094 | D:6      | Reached skill level 5 in Air Magic
  6160 | D:6      | Reached skill level 5 in Shields
  6335 | D:7      | Found a staircase to the Ecumenical Temple.
  6766 | D:7      | Noticed Pikel
  6788 | D:7      | Killed Pikel
  6951 | D:7      | Found an ornate altar of the Wu Jian Council.
  7011 | D:7      | Reached * piety under Vehumet
  7011 | D:7      | Offered knowledge of Shock by Vehumet.
  7030 | D:7      | Learned a level 1 spell: Shock
  7251 | D:7      | Found a runed translucent door.
  7252 | D:7      | Noticed Crazy Yiuf
  7655 | D:7      | Killed Crazy Yiuf
  8325 | D:8      | Reached XP level 10. HP: 50/50 MP: 8/17
  8408 | D:8      | Reached skill level 1 in Conjurations
  8555 | D:8      | Identified the +3 leather armour of the Zebra {rF+ Slay+2}
  8614 | D:8      | Found a sparkling altar of Nemelex Xobeh.
  8743 | D:8      | Found a runed translucent door.
  8746 | D:8      | Found a burning altar of Makhleb.
  8746 | D:8      | Noticed a sixfirhy
  9020 | D:8      | Reached skill level 1 in Fighting
  9631 | D:9      | Offered knowledge of Static Discharge by Vehumet.
  9762 | D:9      | Reached ** piety under Vehumet
  9877 | D:9      | Reached skill level 3 in Dodging
  9913 | D:9      | Found a staircase to the Lair.
  9930 | D:9      | Reached skill level 4 in Dodging
 10036 | D:9      | Found a shimmering blue altar of Sif Muna.
 10069 | D:9      | Reached skill level 5 in Dodging
 10373 | D:10     | Entered Level 10 of the Dungeon
 10386 | D:10     | Noticed a two-headed ogre
 10405 | D:10     | Noticed Psyche
 10643 | D:9      | Reached skill level 6 in Dodging
 10653 | D:10     | Noticed a two-headed ogre
 10705 | D:10     | Killed Psyche
 10714 | D:11     | Reached skill level 7 in Dodging
 10791 | D:11     | Identified the +8 morningstar of Duty {pain, Fly rElec
                  | rPois Will++}
 10803 | D:11     | Reached skill level 5 in Conjurations
 10938 | D:11     | Noticed a centaur warrior
 11065 | D:11     | Found the +3 Mad Mage's Maulers {Infuse+∞ VampMP -Cast}
 11116 | D:11     | Reached skill level 1 in Maces & Flails
 11216 | D:11     | Noticed Harold
 11227 | D:11     | Killed Harold
 11228 | D:11     | Reached skill level 8 in Dodging
 11228 | D:11     | Reached XP level 11. HP: 42/62 MP: 3/18
 11426 | D:11     | Killed a centaur warrior
 11548 | D:11     | Noticed a tengu warrior
 11550 | D:11     | Noticed a tengu warrior
 11551 | D:11     | Reached skill level 5 in Fighting
 11553 | D:10     | Found a staircase to the Orcish Mines.
 11667 | D:10     | Killed a two-headed ogre
 11668 | D:10     | Reached skill level 9 in Dodging
 11906 | D:10     | Killed a two-headed ogre
 12050 | D:10     | Reached skill level 10 in Dodging
 12059 | D:10     | Noticed Nergalle
 12230 | D:10     | Killed Nergalle
 12509 | D:10     | Noticed Erica
 12517 | D:10     | Killed Erica
 12518 | D:10     | Reached skill level 5 in Maces & Flails
 12518 | D:10     | Reached skill level 5 in Spellcasting
 12794 | D:10     | Offered knowledge of Momentum Strike by Vehumet.
 12995 | D:10     | Reached *** piety under Vehumet
 13123 | D:10     | Reached skill level 11 in Dodging
 13485 | D:10     | Found an opulent altar of Gozag.
 13659 | D:11     | Reached XP level 12. HP: 56/71 MP: 6/21
 13684 | D:11     | Killed a tengu warrior
 13861 | D:11     | Killed a tengu warrior
 14432 | Lair:1   | Entered Level 1 of the Lair of Beasts
 14919 | Lair:1   | Identified the +4 arbalest of Bile {flame, Will+ Int+3
                  | Stlth+}
 16209 | Lair:2   | Found a shimmering altar of Xom.
 16213 | Lair:2   | Offered knowledge of Fulminant Prism by Vehumet.
 16238 | Lair:2   | Reached skill level 12 in Dodging
 17204 | Lair:1   | Reached skill level 13 in Dodging
 17770 | Lair:2   | Found a hole to the Spider Nest.
 18641 | D:6      | Bought a potion of experience for 600 gold pieces
 18641 | D:6      | Reached XP level 13. HP: 79/79 MP: 23/23
 18642 | D:6      | Reached skill level 14 in Dodging
 18642 | D:6      | Reached XP level 14. HP: 84/84 MP: 24/24
 19092 | Lair:2   | Reached **** piety under Vehumet
 19235 | Lair:3   | Offered knowledge of Inner Flame by Vehumet.
 19598 | Lair:3   | Reached XP level 15. HP: 64/89 MP: 1/25
 20633 | Lair:3   | Found a staircase to the Shoals.
 23982 | Lair:5   | Entered Level 5 of the Lair of Beasts
 24021 | Lair:4   | Reached skill level 10 in Maces & Flails
 24025 | Lair:4   | Reached skill level 10 in Fighting
 24204 | Lair:4   | Reached ***** piety under Vehumet
 24204 | Lair:4   | Offered knowledge of Conjure Ball Lightning by Vehumet.
 24423 | Lair:5   | Found a dark tunnel.
 24433 | Volcano  | Entered a volcano
 24756 | Volcano  | Reached skill level 15 in Dodging
 25486 | Lair:5   | Found a staircase to the Slime Pits.
 25803 | Lair:5   | Identified the +7 glaive "Bizaas" {flame, rElec}
 26496 | Lair:5   | Found a viscous altar of Jiyva.
 27555 | D:12     | Offered knowledge of Arcjolt by Vehumet.
 27569 | D:12     | Learned a level 5 spell: Arcjolt
 27798 | D:12     | Reached XP level 16. HP: 97/97 MP: 7/29
 27972 | D:12     | Found a hide-covered altar of Uskayaw.
 29382 | Orc:1    | Entered Level 1 of the Orcish Mines
 30532 | Orc:2    | Entered Level 2 of the Orcish Mines
 31616 | Orc:1    | Reached skill level 16 in Dodging
 31726 | Orc:2    | Offered knowledge of Ozocubu's Refrigeration by Vehumet.
 32202 | Orc:2    | Found Hoagredi's Magic Scroll Boutique.
 32202 | Orc:2    | Found Wudwidde's Assorted Antiques.
 32202 | Orc:2    | Found Cionumpa's Antique Weapon Emporium.
 32363 | Orc:2    | Bought a jewelled flail for 263 gold pieces
 32363 | Orc:2    | Identified the +11 flail "Leoromad" {freeze, Fragile rElec
                  | rC+} (You bought it in a shop on level 2 of the Orcish
                  | Mines)
 32364 | Orc:2    | Found Sikhlak's Assorted Antiques.
 32371 | Orc:2    | Bought a scroll of acquirement for 884 gold pieces
 32371 | Orc:2    | Acquired the ring "Laewupt" {Contam rC++ EV+5 Str+2 Dex+2}
 32383 | Orc:2    | Found Lysi's Book Shop.
 33011 | Orc:2    | Found a staircase to the Elven Halls.
 33317 | D:13     | Noticed Josephine
 33318 | D:13     | Noticed Kirke
 33342 | D:13     | Killed Kirke
 33351 | D:13     | Noticed Jorgrun
 33359 | D:13     | Killed Josephine
 33366 | D:13     | Killed Jorgrun
 33406 | D:13     | Found a gate to the Vaults.
 33454 | D:13     | Found a gate leading to a gauntlet.
 33468 | Gauntlet | Entered a Gauntlet
 33468 | Gauntlet | Found a transporter.
 33468 | Gauntlet | Found a transporter.
 33609 | Gauntlet | Found a transporter.
 33713 | Gauntlet | Found a transporter.
 33721 | Gauntlet | Found a transporter.
 33725 | Gauntlet | Found a transporter.
 33736 | Gauntlet | Found a transporter.
 33746 | Gauntlet | Found a runed translucent door.
 33753 | Gauntlet | Found a transporter.
 33770 | Gauntlet | Found a transporter.
 33774 | Gauntlet | Found a transporter.
 33782 | Gauntlet | Found a transporter.
 33786 | Gauntlet | Found a transporter.
 33828 | Gauntlet | Reached skill level 10 in Spellcasting
 34132 | Gauntlet | Reached skill level 15 in Maces & Flails
 34205 | Gauntlet | Identified the +0 swamp dragon scales of the Salmon {rPois
                  | rF+ Will+ Str+4}
 34205 | Gauntlet | Identified the +2 buckler of Salvation {Rampage rF+ Str-2
                  | Stlth+}
 34225 | Gauntlet | Got Naps's Parchment of Glacial Evil
 34385 | D:13     | Noticed Snorg
 34389 | D:13     | Killed Snorg
 34451 | D:13     | Identified the +0 dagger of Laceration {freeze, Str+2}
 34517 | D:13     | Noticed Maurice
 34528 | D:13     | Killed Maurice
 35248 | D:14     | Reached XP level 17. HP: 54/102 MP: 9/32
 35444 | D:14     | Found a frozen archway.
 35463 | IceCv    | Entered an ice cave
 35896 | IceCv    | Reached skill level 17 in Dodging
 36213 | IceCv    | Offered knowledge of Freezing Cloud by Vehumet.
 36462 | IceCv    | Learned a level 5 spell: Freezing Cloud
 36975 | D:14     | Found a white marble altar of Elyvilon.
 37683 | D:15     | Entered Level 15 of the Dungeon
 37697 | D:15     | Found a transporter.
 37701 | D:15     | Noticed Hiweh's ghost (journeyman DgCj)
 37702 | D:15     | Found a transporter.
 37715 | D:15     | Found a transporter.
 37721 | D:15     | Found a transporter.
 37721 | D:15     | Found a transporter.
 37884 | D:15     | Identified Roxanne's Catalogue of Shapeshifting
 37884 | D:15     | Noticed Roxanne
 37899 | D:15     | Killed Roxanne
 38698 | D:15     | Reached skill level 5 in Evocations
 39077 | D:15     | Reached skill level 18 in Dodging
 39387 | D:15     | Found a transporter.
 39489 | D:15     | Found a staircase to the Depths.
 39703 | Shoals:1 | Entered Level 1 of the Shoals
 39884 | Shoals:1 | HP: 1/102 [water nymph/the raging water (38)]
 40234 | Shoals:1 | Reached XP level 18. HP: 89/107 MP: 7/35
 41355 | Shoals:2 | Offered knowledge of Iron Shot by Vehumet.
 41362 | Shoals:2 | Learned a level 4 spell: Dispel Undead
 41366 | Shoals:2 | Learned a level 3 spell: Stone Arrow
 41951 | Shoals:2 | Noticed Mlioglotl
 41961 | Shoals:2 | Killed Mlioglotl
 43500 | Shoals:3 | Reached skill level 19 in Dodging
 43549 | Shoals:3 | Reached skill level 10 in Shields
 43729 | Shoals:3 | Offered knowledge of Spellforged Servitor by Vehumet.
 43850 | Shoals:3 | Found Cusoet's Distillery.
 44015 | Shoals:4 | Entered Level 4 of the Shoals
 44756 | Shoals:3 | Found Kuosum's CLEARANCE SALE!.
 44816 | Shoals:3 | Acquired ASSMAN's Anthology of Gaseous Production
 44966 | Shoals:3 | Learned a level 6 spell: Conjure Ball Lightning
 44975 | Shoals:3 | Learned a level 8 spell: Maxwell's Capacitive Coupling
 45522 | Shoals:4 | Mangled by a merfolk impaler

Illustrated notes

Levels and vault maps discovered:
D:1:      kb_arrival_jail, layout_loops_ring, amcnicky_mini_pool_small,
          hangedman_decor_growths, minmay_close_crescents
D:2:      layout_loops_ring, serial_shops, shop, serial_aquarium,
          aquarium_bridge_square [aquarium_subvault_wall,
          aquarium_subvault_bridge, aquarium_subvault_bridge,
          aquarium_subvault_wall], aquarium_window_fake, aquarium_window_fake,
          aquarium_window_corridor_3, aquarium_view_2d, aquarium_view_2f,
          aquarium_pool_corner, basic_ecumenical_altar, uniq_natasha
D:3:      layout_loops_ring, mainiacjoe_overflow_catwalk, feat_on_display
D:4:      layout_basic, trog_antimagical, nicolae_overflow_crystal_walls,
          lemuel_round_altar, minmay_misc_feat_tower, kennysheep_cross_room
D:5:      layout_basic, evilmike_ruin_ashenzari, okawaru_trees_1,
          lemuel_doored_altar, kennysheep_donut, hellmonk_bongcloud_opening,
          minmay_misc_feat_diagonals, corner_web_ring
D:6:      layout_rooms, vehumet_statue, mainiacjoe_overflow_alcove_1,
          serial_shops, nicolae_shop_advertising_works
          [nicolae_subvault_shop_adworks], shop, nicolae_shop_statue_plus, shop,
          chequers_serial_rivers_small_a, nicolae_evil_shop
D:7:      layout_gridville, nicolae_wu_jian_immortal_techniques,
          minmay_temple_entry_waves, uniq_pikel, uniq_crazy_yiuf_cottage
D:8:      layout_layer_cave, nzn_makhleb_speed_demon,
          nemelex_xobeh_ov_fountains_minmay
D:9:      layout_cave_pools, mainiacjoe_overflow_small_starburst,
          small_chamber_with_monster
D:10:     layout_cave_pools, grunt_gozag_breadcrumbs, orc_0_dummy, special_room
          [special_room_bee], uniq_erica, uniq_psyche, uniq_nergalle
D:11:     minmay_bloctagon_deflated, layout_loops_ring, uniq_harold
D:12:     layout_basic, minmay_misc_feat_rows, eat_drink_and_be_merry_uskayaw
D:13:     layout_gridville, erik_vaults_2, gauntlet_entry_generic, uniq_snorg,
          uniq_kirke, uniq_jorgrun, uniq_maurice, uniq_josephine
D:14:     layout_big_octagon, elyvilon_altar_1, portal_ice_cave_entry_ugly_swarm
D:15:     grunt_enter_depths_snipers, layout_loops_ring, grunt_decor_one_mirror,
          gammafunk_ghost_hive, chequers_big_river, nicolae_diode_intersection,
          uniq_roxanne
Lair:1:   layout_layer_cave, grunt_megastairs_2
Lair:2:   layout_cave_pods, nicolae_spider_entry_orb_guardian, basic_altar,
          beast_lair_carwin_6
Lair:3:   layout_gridlike, minmay_shoals_entry_lonely_mermaid,
          patterned_corridor
Lair:4:   layout_roguey, beast_lair_carwin_5
Lair:5:   grunt_lair_end_beastmaster, layout_cave_shapes,
          minmay_slime_entry_oklob_open, enter_volcano_3, lemuel_fruit_fields
Shoals:1: layout_shoals, nicolae_shoals_flooded_hall
Shoals:2: layout_shoals, uniq_mlioglotl
Shoals:3: layout_shoals, serial_shops, nicolae_shop_hallway_plus,
          nicolae_shop_clearance
Shoals:4: shoals_end_hellmonk_lost_city, serial_shops
Orc:1:    layout_diamond_mine
Orc:2:    st_orc_open, layout_caves, serial_shops, shop,
          statue_in_the_mist_lemuel

Skill      XL: |  1  2  3  4  5  6  7  8  9 10 11 12 13 14 15 16 17 18 |
---------------+-------------------------------------------------------+-----
Poison Magic   | 4 5 6 7 8 |  8.0
Armour         | 1 3 4 |  4.0
Spellcasting   | 3 4 5 6 8 10 12 | 12.0
Air Magic      | 4 8 9 |  9.6
Shields        | 4 8 10 | 10.8
Conjurations   | 5 |  5.0
Fighting       | 4 6 8 10 | 10.0
Dodging        | 8 11 13 14 15 16 18 19 | 19.4
Maces & Flails | 2 5 8 12 15 16 | 16.0
Necromancy     | 8 9 |  9.3
Evocations     | 3 6 9 |  9.2
Stealth        | |  2.0
Transmutations | |  0.7

Action                     |  1- 3 |  4- 6 |  7- 9 | 10-12 | 13-15 | 16-18 || total
---------------------------+-------+-------+-------+-------+-------+-------++-------
  Melee: Unarmed           |    21 |       |       |       |       |       ||    21
         Kick              |    11 |    15 |    54 |   119 |   116 |   403 ||   718
         Peck              |     5 |    10 |    22 |    83 |    76 |   262 ||   458
         Long sword        |     5 |    74 |   137 |    81 |       |       ||   297
         Punch             |     1 |       |       |       |       |       ||     1
         Morningstar       |       |       |       |   253 |   350 |  1087 ||  1690
  Throw: Throwing net      |       |       |       |    12 |       |     3 ||    15
   Cast: Sting             |    56 |    41 |    36 |       |       |       ||   133
         Poisonous Vapours |       |     4 |    30 |    25 |       |       ||    59
         Olgreb's Toxic Ra |       |     4 |       |       |       |       ||     4
         Shock             |       |       |    30 |    16 |       |       ||    46
         Mephitic Cloud    |       |       |       |     7 |       |       ||     7
  Evoke: Wand              |       |       |       |    10 |       |     5 ||    15
         Lightning rod     |       |       |       |       |       |     3 ||     3
    Use: Scroll            |     1 |     1 |    15 |    10 |     5 |    22 ||    54
         Potion            |       |     1 |     2 |     2 |     3 |     7 ||    15
   Stab: Sleeping          |       |     6 |     5 |     3 |     9 |     7 ||    30
         Distracted        |       |     1 |       |     2 |       |     2 ||     5
         Paralysed         |       |       |       |     8 |       |       ||     8
         Confused          |       |       |       |     4 |       |       ||     4
         Held in net/web   |       |       |       |     2 |       |       ||     2
         Petrified         |       |       |       |       |     6 |       ||     6
 Armour: Robe              |    15 |    13 |       |       |       |       ||    28
         Ring mail         |       |     3 |    58 |   100 |    76 |   135 ||   372
  Dodge: Dodged            |    34 |    75 |    84 |   249 |   227 |   762 ||  1431
  Block: Kite shield       |       |       |   114 |   364 |   343 |   850 ||  1671

Table legend: (Time is in decaauts)
 A = Elapsed time spent in this place.
 B = Non-inter-level travel time spent in this place.
 C = Inter-level travel time spent in this place.
 D = Time resting spent in this place.
 E = Time spent auto-exploring this place.
 F = Levels seen in this place.
 G = Mean time per level.
                   A        B        C        D        E       F      G
               +--------+--------+--------+--------+--------+-----+--------+
         Total |  44033 |  42234 |   1799 |   8751 |  28199 |  29 | 1518.4 |
       Dungeon |  20698 |  19696 |   1002 |   2594 |  14411 |  15 | 1379.9 |
          Lair |  11647 |  11042 |    605 |   2133 |   7958 |   5 | 2329.4 |
        Shoals |   5568 |   5431 |    137 |   1699 |   2940 |   4 | 1392.0 |
  Orcish Mines |   3356 |   3303 |     53 |   1357 |   1572 |   2 | 1678.0 |
      Ice Cave |   1401 |   1401 |      0 |    645 |    486 |   1 | 1401.0 |
       Volcano |    624 |    624 |      0 |      0 |    567 |   1 |  624.0 |
      Gauntlet |    737 |    737 |      0 |    321 |    262 |   1 |  737.0 |
               +--------+--------+--------+--------+--------+-----+--------+

Top non-repeatable levels by time:
  Lair:3: 2811 daAuts
  Lair:1: 2783 daAuts
    D:12: 2652 daAuts
  Lair:4: 2350 daAuts
   Orc:1: 2137 daAuts
    D:10: 2109 daAuts
Shoals:3: 2003 daAuts
Shoals:1: 1980 daAuts
  Lair:5: 1891 daAuts
     D:8: 1835 daAuts
  Lair:2: 1810 daAuts
    D:11: 1621 daAuts
     D:9: 1593 daAuts
Shoals:2: 1540 daAuts
     D:7: 1470 daAuts
